 Dungeon Crawl Stone Soup version 0.29.0-15-g675c0067aa (webtiles) character file.

Game seed: 13286282174763270285

67 qw the Sneak (level 4, -4/28 HPs)
             Began as a Gargoyle Delver on Sept 11, 2022.
             Slain by a water moccasin (6 damage)
             ... on level 5 of the Dungeon.
             The game lasted 00:00:12 (426 turns).

qw the Sneak (Gargoyle Delver)                       Turns: 426, Time: 00:00:12

Health: -4/28      AC:  6    Str: 17    XL:     4   Next: 18%
Magic:  4/4        EV: 11    Int: 11    God:
Gold:   12         SH:  0    Dex: 11    Spells: 3/3 levels left

rFire   . . .      SeeInvis .   a - +0 hand axe
rCold   . . .      Faith    .   (no shield)
rNeg    + . .      Spirit   .   b - +0 leather armour
rPois   inf        Reflect  .   (no helmet)
rElec   +          Harm     .   (no cloak)
rCorr   .          Rampage  .   (no gloves)
Will    .....                   (no boots)
Stlth   +++.......              (no amulet)
HPRegen 0.09/turn               (no ring)
MPRegen 0.09/turn               (no ring)

@: no status effects
A: sickness immunity, AC +3, negative energy resistance 1, electricity
resistance, torment resistance 1, petrification resistance
a: no special abilities


You were on level 5 of the Dungeon.
You visited 1 branch of the dungeon, and saw 1 of its levels.

You collected 12 gold pieces.


Innate Abilities, Weirdness & Mutations

You are immune to sickness and miasma.
Your stone body is resilient. (AC +3)
You are immune to poison.
You resist negative energy. (rN+)
You are resistant to electric shocks. (rElec)
You are resistant to unholy torment.
You are immune to petrification.


   Skills:
 - Level 3.2 Fighting
 + Level 3.9 Axes
 - Level 1.5 Dodging
 - Level 5.4 Stealth


You had 3 spell levels left.
You didn't know any spells.
Your spell library was empty.

Inventory:

Hand Weapons
 a - a +0 hand axe (weapon)
Armour
 b - a +0 leather armour (worn)
Wands
 g - a wand of digging (3)
Scrolls
 c - a scroll of fog
 d - a scroll of magic mapping
 e - a scroll of fear
 h - a scroll of identify {unknown}
Potions
 f - a potion of haste
 i - a potion of curing {unknown}
 j - a potion of flight {unknown}

Dungeon Overview and Level Annotations

Branches:
Dungeon (5/15)
 Temple: D:4-7

Altars:

Annotations:
D:5 3 runed translucent doors, qw's ghost, weakling GrDe


Message History

You closely miss the hound.
The hound is severely wounded.
The hound bites you but does no damage. x2
You closely miss the hound.
The hound is severely wounded.
The water moccasin hisses angrily.
The hound bites you.
You hit the hound but do no damage.
The hound is severely wounded.
The hound closely misses you. The hound bites you.
You hit the hound.
You kill the hound!
The water moccasin barely misses you.
You have reached level 4!
You feel clever.
You barely miss the water moccasin. The water moccasin bites you.
You closely miss the water moccasin. The water moccasin barely misses you.
The water moccasin closely misses you.
You hit the water moccasin but do no damage.
The water moccasin closely misses you.
The water moccasin bites you but does no damage.
You closely miss the water moccasin. Your punch misses the water moccasin.
The water moccasin closely misses you.
You hit the water moccasin.
The water moccasin is lightly wounded.
The water moccasin misses you.
The water moccasin bites you but does no damage.
You hit the water moccasin.
The water moccasin is moderately wounded.
The water moccasin barely misses you.
You closely miss the water moccasin.
The water moccasin is moderately wounded.
The water moccasin bites you. x2
You hit the water moccasin.
The water moccasin is heavily wounded.
The water moccasin bites you but does no damage.
You hit the water moccasin.
The water moccasin is heavily wounded.
The water moccasin bites you.
You die...

#... ... ###...##.. o.
.......... .. .........#
.# .........##.#
.............#
........S....#
........@)...##
..............# #.
..............#...
........#.......#
........'.......# #
###..........###.....#.# .
........+####........#.#..
........+.##..............
........#.##..............


You could see a water moccasin.

Vanquished Creatures
  2 hounds (D:5)
  An ufetubus (D:5)
  2 orcs (D:5)
5 creatures vanquished.

Vanquished Creatures (others)
  3 fungi (D:5)
  A plant (D:5)
4 creatures vanquished.

Grand Total: 9 creatures vanquished

Notes
Turn   | Place    | Note
-------+----------+-------------------------------------------
     0 | D:5      | qw the Gargoyle Delver began the quest for the Orb.
     0 | D:5      | Reached XP level 1. HP: 14/14 MP: 1/1
     0 | D:5      | 0 ||| qw: Version: 0.1-a-117-gfe26ee0
     0 | D:5      | 0 ||| qw: Game counter: 9965
     0 | D:5      | 0 ||| qw: Always use a shield: true
     0 | D:5      | 0 ||| qw: God list: Okawaru
     0 | D:5      | 0 ||| qw: Allow faded altars: false
     0 | D:5      | 0 ||| qw: Do Orc after D:15 true
     0 | D:5      | 0 ||| qw: Do second Lair branch before Depths: true
     0 | D:5      | 0 ||| qw: Lair rune preference: random
     0 | D:5      | 0 ||| qw: Plans: Normal
     0 | D:5      | 0 ||| PLANNING D:1-11
     0 | D:5      | Found a runed translucent gate.
     1 | D:5      | Noticed a kobold brigand
     1 | D:5      | Noticed qw's ghost (weakling GrDe)
    59 | D:5      | Noticed a hound
    60 | D:5      | 60 ||| Stepping ~*~*~tactically~*~*~ (stealth).
    75 | D:5      | Killed a hound
    76 | D:5      | Reached skill level 3 in Axes
    76 | D:5      | Reached XP level 2. HP: 6/19 MP: 2/2
    76 | D:5      | Reached XP level 3. HP: 8/23 MP: 3/3
    80 | D:5      | 80 ||| Stepping ~*~*~tactically~*~*~ (stealth).
    90 | D:5      | 90 ||| Stepping ~*~*~tactically~*~*~ (stealth).
    91 | D:5      | 91 ||| Stepping ~*~*~tactically~*~*~ (stealth).
    92 | D:5      | 92 ||| Stepping ~*~*~tactically~*~*~ (stealth).
   313 | D:5      | 313 ||| Stepping ~*~*~tactically~*~*~ (stealth).
   316 | D:5      | 316 ||| Stepping ~*~*~tactically~*~*~ (stealth).
   322 | D:5      | 322 ||| Stepping ~*~*~tactically~*~*~ (stealth).
   330 | D:5      | 330 ||| Stepping ~*~*~tactically~*~*~ (stealth).
   369 | D:5      | 369 ||| Stepping ~*~*~tactically~*~*~ (stealth).
   370 | D:5      | 370 ||| Stepping ~*~*~tactically~*~*~ (stealth).
   396 | D:5      | 396 ||| Stepping ~*~*~tactically~*~*~ (stealth).
   413 | D:5      | Noticed a water moccasin
   418 | D:5      | Reached XP level 4. HP: 11/28 MP: 4/4
   424 | D:5      | HP: 5/28 [water moccasin (5)]
   424 | D:5      | HP: 2/28 [water moccasin (3)]
   426 | D:5      | Slain by a water moccasin

Levels and vault maps discovered:
D:5:      layout_basic, gammafunk_ghost_nasty_kobolds

Skill      XL: |  1 |
---------------+----+-----
Axes           | 3 |  3.9
Fighting       | |  3.2
Dodging        | |  1.5
Stealth        | |  5.4

Action                   |  1- 3 |  4- 6 || total
-------------------------+-------+-------++-------
Melee: Hand axe          |    36 |     9 ||    45
Armor: Leather armour    |    18 |     3 ||    21
Dodge: Dodged            |    35 |     6 ||    41

Table legend:
 A = Non-vault XP
 B = Vault XP
 C = Vault XP percentage of total XP
 D = Non-vault monster count
 E = Vault monster count
 F = Vault count percentage of total count
                 A         B        C        D         E       F
            +---------+---------+-------+---------+---------+-------
      Total |      97 |       0 |   0.0 |       5 |       0 |   0.0
            +---------+---------+-------+---------+---------+-------
        D:5 |      97 |       0 |   0.0 |       5 |       0 |   0.0
            +---------+---------+-------+---------+---------+-------
